 Dungeon Crawl Stone Soup version 0.28.0-43-g3370ac3207 (webtiles) character file.

Game seed: 16707235258577421921

195 MrBoozer the Conjurer (level 5, -1/31 HPs)
             Began as an Octopode Conjurer on Mar 18, 2022.
             Was an Initiate of Ashenzari.
             Shot with an arrow by a centaur (9 damage)
             ... on level 4 of the Dungeon on Mar 19, 2022.
             The game lasted 00:20:55 (3573 turns).

MrBoozer the Conjurer (Octopode Conjurer)           Turns: 3573, Time: 00:20:55

Health: -1/31      AC:  1    Str:  7    XL:     5   Next: 74%
Magic:  1/9        EV:  8    Int: 22    God:    Ashenzari [......]
Gold:   140        SH: 11    Dex: 10    Spells: 6/9 levels left

rFire   . . .      SeeInvis .   j - +0 hunting sling (freeze)
rCold   . . .      Faith    .   m - +2 tower shield
rNeg    . . .      Spirit   .   (helmet restricted)
rPois   .          Reflect  .   (no amulet)
rElec   .          Harm     .   e - ring of willpower
rCorr   .          Rampage  .   (no ring)
Will    +....                   (no ring)
Stlth   +++.......              (no ring)
HPRegen 0.10/turn               (no ring)
MPRegen 0.11/turn               (no ring)
                                (no ring)
                                (no ring)

@: very slightly contaminated
A: almost no armour, amphibious, 8 rings, camouflage 1, gelatinous body 1,
(nimble swimmer 1), tentacles
a: Renounce Religion


You were on level 4 of the Dungeon.
You worshipped Ashenzari.
Ashenzari was noncommittal.
You visited 2 branches of the dungeon, and saw 5 of its levels.

You collected 140 gold pieces.

Inventory:

Hand Weapons
 j - a +0 hunting sling of freezing (weapon)
Missiles
 k - 117 stones (quivered ammo)
Armour
 m - a +2 tower shield (worn)
Jewellery
 e - a ring of willpower (left tentacle)
Scrolls
 b - a scroll of teleportation {unknown}
 c - 2 scrolls of fear {unknown}
 d - 2 scrolls of enchant armour {unknown}
 h - a scroll of noise {unknown}
 i - a scroll of vulnerability {unknown}
 l - a scroll of amnesia {unknown}
 n - a scroll of enchant weapon {unknown}
Potions
 a - a potion of attraction {unknown}
 f - a potion of degeneration {unknown}
 g - 2 potions of curing {unknown}


   Skills:
 * Level 2.2(2.7) Slings
 * Level 2.3(2.8) Throwing
 - Level 2.1 Dodging
 - Level 2.7 Stealth
 - Level 0.1 Unarmed Combat
 - Level 2.6 Spellcasting
 - Level 5.1 Conjurations


You had 6 spell levels left.
You knew the following spells:

 Your Spells              Type           Power      Damage    Failure   Level
a - Magic Dart            Conj           100%       1d8       28%         1
b - Searing Ray           Conj           50%        2d6       41%         2

Your spell library contained the following spells:

 Spells                   Type           Power      Damage    Failure   Level
 Dazzling Flash           Conj/Hex       28%        N/A       94%         3
 Fulminant Prism          Conj/Hex       7%         3d7       100%        4
 Iskenderun's Mystic Bla  Conj/Tloc      14%        2d5       100%        4


Dungeon Overview and Level Annotations

Branches:
Dungeon (4/15)             Temple (1/1) D:4

Altars:
Ashenzari
Fedhas
Kikubaaqudgha
Sif Muna
Trog
Wu Jian
Xom


Innate Abilities, Weirdness & Mutations

You cannot wear most types of armour.
You are amphibious.
You can wear up to eight rings at the same time.
Your skin changes colour to match your surroundings (Stealth+).
Your rubbery body absorbs attacks. (AC +1, EV +1)
((You are camouflaged when in or above water. (Stealth+)))
You have tentacles for arms and can constrict up to eight enemies at once.


Message History

The orc is heavily wounded.
Fire: 119 stones
Press: ? - help, Shift-Dir - straight line, f/p - orc
Aim: an orc, wielding a +0 hand axe (heavily wounded, 56% to hit)
You shoot a stone. The stone closely misses the orc.
Fire: 118 stones
Press: ? - help, Shift-Dir - straight line, f/p - orc
Aim: an orc, wielding a +0 hand axe (heavily wounded, 56% to hit)
You shoot a stone. The stone hits the orc.
The stone freezes the orc.
You kill the orc!
A centaur comes into view.
You miscast Magic Dart.
You are very lightly contaminated with residual magic.
Nothing appears to happen.
You miscast Magic Dart.
Nothing appears to happen.
The magic dart hits the centaur.
The centaur is lightly wounded.
The centaur shouts!
The magic dart hits the centaur.
The centaur is moderately wounded.
The centaur wields a +0 shortbow.
The centaur shoots an arrow.
The arrow hits you!
A jelly comes into view.
The magic dart hits the centaur.
The centaur is severely wounded.
The jelly quivers.
The centaur shoots an arrow.
You block the arrow.
The centaur shoots an arrow.
You block the arrow.
The magic dart hits the centaur.
The centaur is almost dead.
The centaur shoots an arrow.
You block the arrow.
You miscast Magic Dart.
Nothing appears to happen.
The centaur shoots an arrow.
The arrow barely misses you.
You miscast Magic Dart.
Nothing appears to happen.
The centaur shoots an arrow.
You block the arrow.
The centaur shoots an arrow.
You block the arrow.
You miscast Magic Dart.
Nothing appears to happen.
The centaur shoots an arrow.
The arrow hits you!
* * * LOW HITPOINT WARNING * * *
The centaur shoots an arrow.
The arrow hits you!
You die...

# ### ##
#.#.###.###.##
##../c...#...#
#....J..@....#
..............#
............###
............###
..............##
........(......#
...............#
....(........###
....).........##


You could see a centaur and a jelly.

Vanquished Creatures
  A jelly (D:3)
  2 orc wizards (D:3)
  3 adders
  2 worms (D:3)
  2 dart slugs
  3 orcs
  4 ball pythons
  6 bats
  9 endoplasms
  5 giant cockroaches (D:2)
  A goblin (D:2)
  9 hobgoblins
  3 jackals (D:1)
  5 kobolds
  2 quokkas (D:1)
  5 frilled lizards
  11 rats
73 creatures vanquished.

Notes
Turn   | Place    | Note
-------+----------+-------------------------------------------
     0 | D:1      | MrBoozer the Octopode Conjurer began the quest for the Orb.
     0 | D:1      | Reached XP level 1. HP: 11/11 MP: 3/3
   108 | D:1      | Reached XP level 2. HP: 5/17 MP: 0/5
   471 | D:1      | Learned a level 2 spell: Searing Ray
   720 | D:1      | Reached XP level 3. HP: 21/21 MP: 2/6
   957 | D:1      | Found a faded altar of an unknown god.
  1339 | D:2      | Reached skill level 5 in Conjurations
  1572 | D:2      | Reached XP level 4. HP: 27/27 MP: 3/7
  2443 | D:3      | Reached skill level 1 in Throwing
  2502 | D:3      | Reached skill level 1 in Slings
  2995 | D:3      | Reached XP level 5. HP: 31/31 MP: 5/9
  3392 | D:4      | Found a staircase to the Ecumenical Temple.
  3428 | Temple   | Entered the Ecumenical Temple
  3444 | Temple   | Became a worshipper of Ashenzari the Shackled
  3560 | D:4      | Noticed a centaur
  3573 | D:4      | Shot with an arrow by a centaur

Illustrated notes

Levels and vault maps discovered:
D:1:      scummos_arrival_simple_crosswalls, layout_rooms,
          shapermc_ecumenical_altar_hornbeckon
D:2:      layout_loops_ring, minmay_hexomino_f4
D:3:      layout_basic
D:4:      layout_cave_pools, minmay_temple_entry_crystal_x
Temple:   mainiacjoe_temple_coin_purse

Skill      XL: |  1  2  3  4  5 |
---------------+----------------+-----
Conjurations   | 5 |  5.1
Throwing       | 1 2 |  2.3
Slings         | 1 2 |  2.2
Dodging        | |  2.1
Stealth        | |  2.7
Unarmed Combat | |  0.1
Spellcasting   | |  2.6

Action                   |  1- 3 |  4- 6 || total
-------------------------+-------+-------++-------
Melee: Unarmed           |    18 |       ||    18
       Constrict         |     5 |       ||     5
       Tentacles         |     1 |       ||     1
 Fire: Hunting sling     |       |     5 ||     5
 Cast: Magic Dart        |    67 |    67 ||   134
       Searing Ray       |     1 |     1 ||     2
Dodge: Dodged            |    19 |     3 ||    22
Block: Tower shield      |       |     5 ||     5
